 Dungeon Sprint DCSS version 0.31.0-1-g2c135a0 (webtiles) character file.

Game seed: 15759443678142714695

6257586 PurpleRed the Archmage (level 21, 163/163 HPs)
             Began as a Deep Elf Conjurer on Mar 29, 2024.
             Was the Champion of Sif Muna.
             Escaped with the Orb
             ... and 3 runes!
             The game lasted 01:40:47 (9996 turns).

PurpleRed the Archmage (Deep Elf Conjurer)          Turns: 9996, Time: 01:40:48

Health: 163/163    AC: 25    Str:  4    XL:     21   Next: 34%
Magic:  49/54      EV: 22    Int: 43    God:    Sif Muna [******]
Gold:   559        SH: 12    Dex: 12    Spells: 8/74 levels left

rFire   + + +        V - staff of conjuration
rCold   + . .        H - +1 buckler {AC+3}
rNeg    + . .        I - +2 robe {Will+}
rPois   .            M - +2 helmet {Int+3}
rElec   +            K - +2 cloak {Will+}
rCorr   +            J - +2 pair of gloves {Dex+3}
SInv    +            O - +4 pair of boots
Will    +++..        a - amulet of Rationality {Harm rElec rF+++ Regen+ Dex-4}
Stlth   +            R - ring of Heotuizy {rN+ Will- rCorr Int+5}
HPRegen 1.27/turn    Z - ring of the Ban {Wiz rC+ SInv}
MPRegen 0.34/turn

%: no teleportation, harm (+30% outgoing, +20% incoming), wizardry (x1)
@: studying 4 skills
A: no striking features
0: Orb of Zot
}: 3/3 runes: silver, golden, iron
a: Renounce Religion, Channel Magic, Forget Spell, Divine Exegesis


You escaped.
You worshipped Sif Muna.
Sif Muna was exalted by your worship.
You visited 1 branch You collected 559 gold pieces.

Inventory:

Hand Weapons
 s - the +11 demon blade of Innocence {flame, rN+ Str+3}
   (You found it in the Dungeon)

   Str+3:     It affects your strength (+3).
   rN+:       It protects you from negative energy.
 N - a +5 eudemon blade of holy wrath
Armour
 E - a +2 cloak of poison resistance
 F - +4 fire dragon scales
 H - a +1 buckler of protection (worn)
 I - a +2 robe of willpower (worn)
 J - a +2 pair of gloves of dexterity (worn)
 K - a +2 cloak of willpower (worn)
 M - a +2 helmet of intelligence (worn)
 O - a +4 pair of boots (worn)
Magical Staves
 V - a staff of conjuration (weapon)
 X - a staff of air
Jewellery
 a - the amulet of Rationality (around neck) {Harm rElec rF+++ Regen+ Dex-4}
   (You found it in the Dungeon)

   [amulet of regeneration]

   Dex-4:     It affects your dexterity (-4).
   rF+++:     It renders you almost immune to fire.
   rElec:     It insulates you from electricity.
   Regen+:    It increases your rate of health regeneration.
   Harm:      It increases damage dealt and taken.
 i - the ring of the Republic {rN+ Int+2 Dex+6}
   (You found it in the Dungeon)

   [ring of dexterity]

   Int+2:     It affects your intelligence (+2).
   Dex+6:     It affects your dexterity (+6).
   rN+:       It protects you from negative energy.
 m - the ring of Ufimol {^Contam rCorr Str+7 Int+6}
   (You found it in the Dungeon)

   [ring of intelligence]

   Str+7:     It affects your strength (+7).
   Int+6:     It affects your intelligence (+6).
   ^Contam:   It causes magical contamination when unequipped.
   rCorr:     It protects you from acid and corrosion.
 o - the ring of Fealleum {rElec rPois rN+}
   (You found it in the Dungeon)

   [ring of poison resistance]

   rElec:     It insulates you from electricity.
   rPois:     It protects you from poison rN+: It protects you from negative
   energy.
 r - the ring "Zibuocia" {Ice rElec rPois rN+}
   (You found it in the Dungeon)

   [ring of ice]

   Ice:       It enhances your ice magic.
   rF-:       It makes you vulnerable to fire.
   rC+:       It protects you from cold.
   rElec:     It insulates you from electricity.
   rPois:     It protects you from poison rN+: It protects you from negative
   energy.
 y - the ring "Yrufyeps" {Will+ MP+9 Int+2 Slay+4}
   (You found it in the Dungeon)

   [ring of slaying]

   Int+2:     It affects your intelligence (+2).
   Slay+4:    It affects your accuracy & damage with ranged weapons and melee
   (+4).
   Will+:     It increases your willpower.
   MP+9:      It affects your magic capacity (+9).
 z - an amulet of guardian spirit
 A - a ring of fire
 C - the ring of the Giraffatuar {rElec rF+ rC- Will+ EV+6}
   (You found it in the Dungeon)

   [ring of evasion]

   EV+6:      It affects your evasion (+6).
   rF+:       It protects you from fire.
   rC-:       It makes you vulnerable to cold.
   rElec:     It insulates you from electricity.
   Will+:     It increases your willpower.
 D - a ring of magical power
 R - the ring of Heotuizy (left hand) {rN+ Will- rCorr Int+5}
   (You found it in the Dungeon)

   [ring of resist corrosion]

   Int+5:     It affects your intelligence (+5).
   rN+:       It protects you from negative energy.
   Will-:     It decreases your willpower.
   rCorr:     It protects you from acid and corrosion.
 Y - the ring of Viodoh {rPois rF+ rC+}
   (You found it in the Dungeon)

   [ring of poison resistance]

   rF+:       It protects you from fire.
   rC+:       It protects you from cold.
   rPois:     It protects you from poison
 Z - the ring of the Ban (right hand) {Wiz rC+ SInv}
   (You found it in the Dungeon)

   [ring of wizardry]

   Wiz:       It improves your spell success rate.
   rC+:       It protects you from cold.
   SInv:      It lets you see invisible.
Talismans
 P - the serpent talisman of Spite {Fly}
   (You took it off Aizul in the Dungeon)

   [serpent talisman]

   Fly:       It grants you flight.
Wands
 q - a wand of flame (9)
 Q - a wand of iceblast (5)
 S - a wand of digging (5)
 T - a wand of polymorph (5)
 W - a wand of paralysis (4)
Scrolls
 f - 2 scrolls of fog
 g - 2 scrolls of blinking
 j - 4 scrolls of vulnerability
 k - 2 scrolls of amnesia
 t - a scroll of revelation
 u - 7 scrolls of enchant armour
 w - 6 scrolls of fear
 x - a scroll of summoning
 B - a scroll of torment
 L - a scroll of brand weapon
 U - 2 scrolls of immolation
Potions
 b - 11 potions of magic
 c - 11 potions of curing
 d - 25 potions of heal wounds
 e - 8 potions of haste
 h - 3 potions of berserk rage
 l - 8 potions of mutation
 n - 2 potions of brilliance
 p - 7 potions of might
 v - 3 potions of resistance
 G - a potion of enlightenment


   Skills:
 O Level 27 Fighting
 - Level 16.0 Long Blades
 + Level 17.8 Armour
 + Level 23.7 Dodging
 - Level 2.4 Stealth
 O Level 27 Shields
 O Level 27 Spellcasting
 O Level 27 Conjurations
 O Level 27 Necromancy
 - Level 3.0 Translocations
 O Level 27 Fire Magic
 O Level 27 Air Magic
 O Level 27 Earth Magic
 - Level 3.0 Alchemy
 O Level 27 Invocations


You had 8 spell levels left.
You knew the following spells:

 Your Spells              Type           Power      Damage    Failure   Level
a - Shatter               Erth           69%        3d51*     1%          9
b - Fire Storm            Conj/Fire      81%        8d21      1%          9
c - Fulminant Prism       Conj/Alch      68%        3d28      0%          4
d - Iskenderun's Mystic   Conj/Tloc      100%       2d19      0%          4
e - Passage of Golubria   Tloc           71%        N/A       1%          4
f - Fireball              Conj/Fire      81%        3d30      0%          5
g - Chain Lightning       Conj/Air       81%        3d108     1%          9
h - Stone Arrow           Conj/Erth      100%       3d13      0%          3
j - Searing Ray           Conj           100%       2d8       0%          2
k - Lehudib's Crystal Sp  Conj/Erth      81%        10d18     1%          8
v - Orb of Destruction    Conj           81%        9d18      0%          7
x - Sublimation of Blood  Necr           100%       N/A       0%          2

Your spell library contained the following spells:

 Spells                   Type           Power      Damage    Failure   Level
 Foxfire                  Conj/Fire      100%       2x1d9     0%          1
 Kiss of Death            Conj/Necr      100%       2d13      0%          1
 Magic Dart               Conj           100%       1d8       0%          1
 Necrotise                Necr           100%       1d9       0%          1
 Sandblast                Erth           100%       2d20      0%          1
 Shock                    Conj/Air       100%       1d9       0%          1
 Sting                    Conj/Alch      100%       1d9       0%          1
 Cigotuvi's Dreadful Rot  Necr/Alch/Air  100%       N/A       0%          2
 Mercury Vapours          Alch/Air       100%       N/A       0%          2
 Momentum Strike          Conj/Tloc      100%       3d10      0%          2
 Scorch                   Fire           100%       2d9       0%          2
 Static Discharge         Conj/Air       100%       3-8/arc   0%          2
 Dazzling Flash           Conj/Hex       100%       N/A       0%          3
 Fugue of the Fallen      Necr           100%       N/A       0%          3
 Hailstorm                Conj/Ice       100%       3d16      0%          3
 Inner Flame              Hex/Fire       100%       N/A       0%          3
 Mephitic Cloud           Conj/Alch/Air  100%       N/A       0%          3
 Passwall                 Erth           100%       N/A       0%          3
 Swiftness                Air            100%       N/A       0%          3
 Vampiric Draining        Necr           100%       2d13      0%          3
 Volatile Blastmotes      Fire/Tloc      100%       2d18      0%          3
 Airstrike                Air            69%        2d(10-26) 0%          4
 Anguish                  Hex/Necr       54%        N/A       0%          4
 Animate Armour           Summ/Erth      100%       N/A       0%          4
 Animate Dead             Necr           100%       N/A       0%          4
 Brom's Barrelling Bould  Conj/Erth      100%       2d11      0%          4
 Dispel Undead            Necr           100%       3d31      0%          4
 Flame Wave               Conj/Fire      100%       2d21      0%          4
 Ignite Poison            Fire/Alch      100%       N/A       0%          4
 Leda's Liquefaction      Alch/Erth      56%        N/A       0%          4
 Martyr's Knell           Necr/Summ      100%       N/A       0%          4
 Petrify                  Alch/Erth      100%       N/A       0%          4
 Sticky Flame             Fire/Alch      100%       2d15      0%          4
 Summon Blazeheart Golem  Fire/Summ      100%       N/A       0%          4
 Summon Lightning Spire   Summ/Air       100%       N/A       0%          4
 Vhi's Electric Charge    Tloc/Air       100%       N/A       0%          4
 Arcjolt                  Conj/Air       81%        1d91      0%          5
 Borgnjor's Vile Clutch   Necr/Erth      69%        N/A       0%          5
 Curse of Agony           Necr           100%       N/A       0%          5
 Freezing Cloud           Conj/Ice/Air   72%        6-21      0%          5
 Irradiate                Conj/Alch      68%        3d34      0%          5
 Iskenderun's Battlesphe  Conj           100%       2d15      0%          5
 Lee's Rapid Deconstruct  Erth           69%        3d31*     0%          5
 Bombard                  Conj/Erth      81%        9d13      0%          6
 Conjure Ball Lightning   Conj/Air       81%        3x3d31    0%          6
 Death Channel            Necr           69%        N/A       0%          6
 Plasma Beam              Fire/Air       69%        2x1d85    0%          6
 Starburst                Conj/Fire      81%        6d21      0%          6
 Apportation              Tloc           100%       N/A       1%          1
 Freeze                   Ice            100%       1d10      1%          1
 Slow                     Hex            100%       N/A       1%          1
 Summon Small Mammal      Summ           100%       N/A       1%          1
 Blink                    Tloc           100%       N/A       1%          2
 Call Imp                 Summ           100%       N/A       1%          2
 Ensorcelled Hibernation  Hex/Ice        100%       N/A       1%          2
 Jinxbite                 Hex            100%       N/A       1%          2
 Lesser Beckoning         Tloc           100%       N/A       1%          2
 Call Canine Familiar     Summ           55%        N/A       1%          3
 Confusing Touch          Hex            55%        N/A       1%          3
 Frozen Ramparts          Ice            100%       1d16      1%          3
 Gell's Gravitas          Tloc           71%        N/A       1%          3
 Ozocubu's Armour         Ice            55%        N/A       1%          3
 Sigil of Binding         Hex            55%        N/A       1%          3
 Summon Ice Beast         Ice/Summ       55%        N/A       1%          3
 Teleport Other           Tloc           71%        N/A       1%          3
 Tukima's Dance           Hex            55%        N/A       1%          3
 Cause Fear               Hex            27%        N/A       1%          4
 Dimensional Bullseye     Hex/Tloc       31%        N/A       1%          4
 Manifold Assault         Tloc           71%        N/A       1%          4
 Olgreb's Toxic Radiance  Alch           71%        N/A       1%          4
 Alistair's Intoxication  Alch           47%        N/A       1%          5
 Silence                  Hex/Air        54%        N/A       1%          5
 Summon Forest            Summ/Tloc      31%        N/A       1%          5
 Yara's Violent Unravell  Hex/Alch       31%        3d13      1%          5
 Haunt                    Necr/Summ      54%        N/A       1%          7
 Spellforged Servitor     Conj/Summ      65%        N/A       1%          7
 Borgnjor's Revivificati  Necr           69%        N/A       1%          8
 Ignition                 Fire           69%        3d18      1%          8
 Infestation              Necr           69%        N/A       1%          8
 Maxwell's Capacitive Co  Air            69%        ∞         1%          8
 Metabolic Englaciation   Hex/Ice        27%        N/A       2%          5
 Summon Mana Viper        Hex/Summ       55%        N/A       2%          5
 Dispersal                Tloc           35%        N/A       4%          6
 Eringya's Noxious Bog    Alch           35%        4d6       4%          6
 Sculpt Simulacrum        Ice/Alch       31%        N/A       9%          6
 Summon Cactus Giant      Summ           27%        N/A       16%         6
 Malign Gateway           Summ/Tloc      31%        N/A       41%         7
 Enfeeble                 Hex            27%        N/A       61%         7
 Monstrous Menagerie      Summ           27%        N/A       61%         7
 Ozocubu's Refrigeration  Ice            27%        4d13      61%         7
 Summon Hydra             Summ           27%        N/A       61%         7
 Disjunction              Tloc           35%        N/A       86%         8
 Discord                  Hex            27%        N/A       99%         8
 Summon Horrible Things   Summ           27%        N/A       99%         8
 Death's Door             Necr           69%        N/A       1%          9
 Dragon's Call            Summ           27%        N/A       100%        9
 Polar Vortex             Ice            27%        12d3*     100%        9


Dungeon Overview and Level Annotations

Branches:
Dungeon (1/1)

Altars:
Ashenzari
Cheibriados
Dithmenos
Elyvilon
Fedhas
Gozag
Hepliaklqana
Kikubaaqudgha
Makhleb
Nemelex Xobeh
Okawaru
Qazlal
Ru
Sif Muna
Trog
Uskayaw
Vehumet
Wu Jian
Xom
Yredelemnul
Zin
The Shining One
Jiyva
Lugonu


Message History

Your Dodging skill increases to level 23!
A rust devil comes into view.
You feel much better.
Something closely misses the rust devil.
You feel much better.
Casting: Chain Lightning (mildly dangerous; 1% risk of failure)
Confirm with . or Enter, or press ? or * to list all spells.
Aiming: Fire Storm (mildly dangerous; 1% risk of failure)
Press: ? - help, Dir - move target, f - rust devil
Aim: a rust devil You feel a surge of power!
A raging storm of fire appears!
The great blast of fire engulfs the rust devil!!!
The rust devil partially resists.
You kill the rust devil!
Sif Muna accepts your kill.
Unknown command.
You feel less invigorated.
You swap places.
A swamp drake comes into view.
Casting: Fire Storm (mildly dangerous; 1% risk of failure)
Confirm with . or Enter, or press ? or * to list all spells.
Aiming: Lehudib's Crystal Spear (safe; 1% risk of failure)
Press: ? - help, Shift-Dir - straight line, f - swamp drake
Aim: a swamp drake (84% to hit)
You feel a surge of power!
The crystal spear hits the swamp drake!!!!
You kill the swamp drake!
Sif Muna accepts your kill.
There is a huge open gate to the Grid Vault (Hard) here.
There is a huge open gate to the Grid Vault (Hard) here.
Things that are here:
a +5 demon whip; a +0 plate armour You see here a +0 robe of willpower.
Things that are here:
a +1 demon whip of flaming; a +0 chain mail
There is an open door to the Entrance Hall (Safe) here.
There is a staircase leading out of the dungeon here.
You can't go down here!
Unknown command.
You have escaped!

##########.##.)....).........''..
#...........'...)).[.........''..
#'#####'#####...).)#).#......##.)
#.#..#.)#..##.......)))......##..
#.#..'..'..#####'#####''#########
#.##'####'###.......##''#########
#.#.....÷..##.......##..))..'..'.
#.#........##.......##..)...)..'.
#.#####'#####...@...##.....##..##
#.#...)).[.##.......##)).###....#
#(#...)))[.##.......##.)##.......
#)###########.......##''#...#..#.
#.......#..###########...........
#..###..#.############÷'#...#..#.
#.......#†#.)..#....##..##.......
##.###.##'#....#..[[##...###...)#
#.......#.'....'..))##.....##..##


There were no monsters in sight!

Vanquished Creatures
  Cerebov (D)
  Ereshkigal (D)
  Ignacio (D)
  8 pandemonium lords (D)
  Dissolution (D)
  Mnoleg (D)
  Frederick (D)
  Mara (D)
  4 ancient liches (D)
  2 orbs of fire (D)
  Mennas (D)
  4 royal mummies (D)
  Xtahua (D)
  Boris (D)
  A curse toe (D)
  Margery (D)
  Nikola (D)
  Geryon (D)
  3 golden dragons (D)
  Jory (D)
  5 pearl dragons (D)
  3 profane servitors (D)
  2 Tzitzimimeh (D)
  3 bone dragons (D)
  3 electric golems (D)
  3 Brimstone Fiends (D)
  2 hellephants (D)
  2 tentacled monstrosities (D)
  3 Hell Sentinels (D)
  3 liches (D)
  2 Ice Fiends (D)
  26 Orb Guardians (D)
  2 sphinxes (D)
  5 deep elf blademasters (D)
  3 deep elf master archers (D)
  A quicksilver dragon (D)
  9 titans (D)
  A death cob (D)
  A shadow dragon (D)
  An Executioner (D)
  4 storm dragons (D)
  Aizul (D)
  A rockslime (D)
  22 daevas (D)
  A fire giant (D)
  2 draconian monks (D)
  A deep elf sorcerer (D)
  5 nagarajas (D)
  4 draconian knights (D)
  4 balrugs (D)
  2 draconian shifters (D)
  3 ghost moths (D)
  An emperor scorpion (D)
  A frost giant (D)
  A draconian scorcher (D)
  23 angels (D)
  3 ghouls (D)
  A draconian annihilator (D)
  2 reapers (D)
  A cacodemon (D)
  A stone giant (D)
  3 orc warlords (D)
  A draconian stormcaller (D)
  Louise (D)
  2 ophanim (D)
  A deep elf death mage (D)
  A deep elf demonologist (D)
  3 red draconians (D)
  2 green draconians (D)
  A minotaur (D)
  2 yellow draconians (D)
  2 dire elephants (D)
  2 deep elf annihilators (D)
  2 eidola (D)
  5 purple draconians (D)
  A black draconian (D)
  2 war gargoyles (D)
  3 ettins (D)
  3 fire dragons (D)
  Snorg (D)
  5 green deaths (D)
  2 blizzard demons (D)
  2 deep elf high priests (D)
  A yaktaur captain (D)
  A great orb of eyes (D)
  An ice dragon (D)
  2 hell beasts (D)
  2 hydras (D)
  10 vault guards (D)
  3 anacondas (D)
  3 death knights (D)
  2 catoblepae (D)
  2 alligator snapping turtles (D)
  A merfolk avatar (D)
  3 ogre magi (D)
  A spriggan air mage (D)
  An alligator (D)
  A merfolk aquamancer (D)
  4 two-headed ogres (D)
  A boulder beetle (D)
  A dancing weapon (D)
  2 deep troll shamans (D)
  A death yak (D)
  A spriggan berserker (D)
  An orc high priest (D)
  A vampire mage (D)
  2 naga warriors (D)
  6 occultists (D)
  19 hell knights (D)
  A soul eater (D)
  A demonic crawler (D)
  2 deep elf knights (D)
  A shadow wraith (D)
  5 skeletal warriors (D)
  30 cherubim (D)
  A fire crab (D)
  6 deep trolls (D)
  2 iron trolls (D)
  2 sixfirhies (D)
  8 arcanists (D)
  4 bog bodies (D)
  A spriggan druid (D)
  3 swamp dragons (D)
  2 flayed ghosts (D)
  11 necromancers (D)
  A deep elf zephyrmancer (D)
  10 orc knights (D)
  4 harpies (D)
  A phantasmal warrior (D)
  2 ugly things (D)
  An orc sorcerer (D)
  A cyclops (D)
  A moth of wrath (D)
  A naga mage (D)
  3 elephants (D)
  A large abomination (D)
  2 guardian serpents (D)
  A rust devil (D)
  2 gargoyles (D)
  An eye of devastation (D)
  A black mamba (D)
  An orange demon (D)
  2 kobold demonologists (D)
  2 hellions (D)
  4 yaktaurs (D)
  3 tormentors (D)
  2 guardian mummies (D)
  A wind drake (D)
  A merfolk (D)
  2 hornets (D)
  A tarantella (D)
  4 blink frogs (D)
  A wind drake (shapeshifter) (D)
  2 tyrant leeches (D)
  7 dream sheep (D)
  A jumping spider (shapeshifter) (D)
  A snapping turtle (D)
  2 jumping spiders (D)
  A wraith (D)
  2 ynoxinuls (D)
  2 air elementals (D)
  A spriggan (shapeshifter) (D)
  3 water elementals (D)
  A fire bat (D)
  10 humans (D)
  A fire elemental (D)
  A neqoxec (D)
  A vampire mosquito (D)
  3 nagas (D)
  2 water moccasins (D)
  A sky beast (D)
  6 orc warriors (D)
  A swamp drake (D)
  A black bear (D)
  A laughing skull (D)
  An ogre (D)
  2 centaurs (D)
  A crocodile (D)
  A weeping skull (D)
  4 necrophages (D)
  2 earth elementals (D)
  A scorpion (D)
  A bullfrog (D)
  A killer bee (shapeshifter) (D)
  5 killer bees (D)
  A crimson imp (D)
  A quasit (D)
  2 orc priests (D)
  2 jellies (D)
  2 iron imps (D)
  2 orc wizards (D)
  An adder (D)
  2 river rats (D)
  2 ufetubi (D)
  14 orcs (D)
  A bat (D)
  A bat skeleton (D)
  2 endoplasms (D)
  A giant cockroach (D)
  A goblin (D)
  A hobgoblin (D)
  5 jackals (D)
  A bat simulacrum (D)
  2 frilled lizards (D)
  A giant cockroach simulacrum (D)
  2 kobolds (D)
  A spectral weapon (D)
575 creatures vanquished.

Vanquished Creatures (collateral kills)
  A pearl dragon (D)
  A titan (D)
  3 daevas (D)
  An angel (D)
  A dire elephant (D)
  An eidolon (D)
  An iron troll (D)
  A cherub (D)
  A golden eye (D)
  2 vampire mosquitoes (D)
  A warg (D)
  An orc warrior (D)
  2 orcs (D)
  A ball python skeleton (D)
18 creatures vanquished.

Vanquished Creatures (others)
  An eldritch tentacle (D)
  A sky beast (D)
  296 fire vortices (D)
  48 fulminant prisms (D)
346 creatures vanquished.

Grand Total: 939 creatures vanquished

Notes
Turn   | Place    | Note
-------+----------+-------------------------------------------
     0 | D        | PurpleRed the Deep Elf Conjurer began the quest for the
                  | Orb.
     0 | D        | Reached XP level 1. HP: 10/10 MP: 6/6
    21 | D        | Reached skill level 5 in Conjurations
    21 | D        | Reached XP level 2. HP: 15/15 MP: 0/9
    29 | D        | Learned a level 2 spell: Searing Ray
    53 | D        | Found a glowing golden altar of the Shining One.
    53 | D        | Found a glowing silver altar of Zin.
    53 | D        | Found a basalt altar of Yredelemnul.
    53 | D        | Found a shimmering altar of Xom.
    53 | D        | Found an ornate altar of the Wu Jian Council.
    53 | D        | Found a bloodstained altar of Trog.
    53 | D        | Found a shimmering blue altar of Sif Muna.
    53 | D        | Found a sacrificial altar of Ru.
    53 | D        | Found a stormy altar of Qazlal.
    53 | D        | Found an iron altar of Okawaru.
    53 | D        | Found a sparkling altar of Nemelex Xobeh.
    53 | D        | Found a burning altar of Makhleb.
    53 | D        | Found a viscous altar of Jiyva.
    53 | D        | Found a hazy altar of Hepliaklqana.
    53 | D        | Found an opulent altar of Gozag.
    53 | D        | Found a blossoming altar of Fedhas.
    53 | D        | Found a white marble altar of Elyvilon.
    53 | D        | Found a shadowy altar of Dithmenos.
    53 | D        | Found a snail-covered altar of Cheibriados.
    54 | D        | Found a radiant altar of Vehumet.
    54 | D        | Found a corrupted altar of Lugonu.
    55 | D        | Found an ancient bone altar of Kikubaaqudgha.
    55 | D        | Found a hide-covered altar of Uskayaw.
    55 | D        | Found a broken altar of Ashenzari.
    56 | D        | Became a worshipper of Sif Muna the Loreminder
   117 | D        | Reached * piety under Sif Muna
   144 | D        | Reached ** piety under Sif Muna
   145 | D        | Reached skill level 5 in Spellcasting
   203 | D        | Noticed a scorpion
   205 | D        | Reached *** piety under Sif Muna
   383 | D        | Killed a scorpion
   384 | D        | Reached XP level 3. HP: 1/19 MP: 2/13
   384 | D        | Reached XP level 4. HP: 2/24 MP: 2/15
   480 | D        | Learned a level 4 spell: Fulminant Prism
   485 | D        | Learned a level 4 spell: Iskenderun's Mystic Blast
   542 | D        | Noticed a water moccasin
   548 | D        | Reached skill level 1 in Translocations
   548 | D        | Reached skill level 1 in Alchemy
   548 | D        | Noticed a water moccasin
   550 | D        | Killed a water moccasin
   550 | D        | Reached **** piety under Sif Muna
   550 | D        | Noticed a bullfrog
   551 | D        | Reached skill level 10 in Conjurations
   551 | D        | Reached XP level 5. HP: 27/28 MP: 8/18
   554 | D        | Killed a water moccasin
   555 | D        | Reached XP level 6. HP: 32/32 MP: 4/22
   694 | D        | Noticed a cyclops
   720 | D        | Killed a cyclops
   720 | D        | Reached ***** piety under Sif Muna
   721 | D        | Reached XP level 7. HP: 24/36 MP: 5/25
   910 | D        | Noticed a black mamba
   911 | D        | Noticed a flayed ghost
   913 | D        | Killed a black mamba
   914 | D        | Reached skill level 15 in Conjurations
   914 | D        | Reached XP level 8. HP: 41/41 MP: 17/27
   918 | D        | Killed a flayed ghost
  1071 | D        | Received a gift from Sif Muna
  1072 | D        | Reached skill level 1 in Fighting
  1072 | D        | Reached skill level 1 in Invocations
  1072 | D        | Got Sif Muna's Discourse on Bruises {god gift}
  1213 | D        | Learned a level 5 spell: Iskenderun's Battlesphere
  1225 | D        | Learned a level 3 spell: Stone Arrow
  1257 | D        | Noticed a hornet
  1261 | D        | Killed a hornet
  1262 | D        | Reached skill level 15 in Spellcasting
  1262 | D        | Reached XP level 9. HP: 48/48 MP: 19/30
  1335 | D        | Noticed an orc knight
  1335 | D        | Noticed an orange demon
  1341 | D        | Killed an orange demon
  1341 | D        | Received a gift from Sif Muna
  1343 | D        | Noticed a kobold demonologist
  1345 | D        | Reached skill level 5 in Dodging
  1347 | D        | Killed an orc knight
  1350 | D        | Killed a kobold demonologist
  1351 | D        | Reached skill level 5 in Invocations
  1489 | D        | Got Kuagi's Volume of the Barrage {god gift}
  1499 | D        | Noticed a gargoyle
  1499 | D        | Noticed an elephant
  1505 | D        | Noticed a deep elf zephyrmancer
  1506 | D        | Received a gift from Sif Muna
  1515 | D        | Killed an elephant
  1517 | D        | Killed a gargoyle
  1518 | D        | Reached XP level 10. HP: 44/58 MP: 13/32
  1523 | D        | Killed a deep elf zephyrmancer
  1523 | D        | Reached ****** piety under Sif Muna
  1524 | D        | Reached skill level 5 in Fighting
  1643 | D        | Received a gift from Sif Muna
  1644 | D        | Got Sif Muna's Meditations on Accompaniment and the Tundra
                  | {god gift}
  1730 | D        | Noticed a flayed ghost
  1736 | D        | Killed a phantasmal warrior
  1736 | D        | Killed a flayed ghost
  1736 | D        | Received a gift from Sif Muna
  1737 | D        | Got Enym Ryc's Compendium of the Impure Curse {god gift}
  1748 | D        | Noticed a bog body
  1753 | D        | Killed a bog body
  1904 | D        | Learned a level 5 spell: Freezing Cloud
  1918 | D        | Noticed an orc high priest
  1925 | D        | Killed an orc high priest
  1925 | D        | Received a gift from Sif Muna
  1926 | D        | Reached XP level 11. HP: 67/67 MP: 18/35
  1926 | D        | Got Sif Muna's Enchiridion on Pyromania {god gift}
  1951 | D        | Noticed a five-headed hydra
  1973 | D        | Killed a five-headed hydra
  2054 | D        | Received a gift from Sif Muna
  2065 | D        | Learned a level 5 spell: Fireball
  2086 | D        | Noticed a bog body
  2088 | D        | Killed a bog body
  2089 | D        | Reached skill level 5 in Fire Magic
  2229 | D        | Received a gift from Sif Muna
  2231 | D        | Got Sif Muna's Catalogue of Fulmination and Bodies {god
                  | gift}
  2240 | D        | Learned a level 7 spell: Orb of Destruction
  2355 | D        | Received a gift from Sif Muna
  2565 | D        | Got the +7 shortbow of Execution {antimagic, rPois rF+
                  | rCorr}
  2603 | D        | Learned a level 9 spell: Fire Storm
  2624 | D        | Noticed a death yak
  2636 | D        | Killed a death yak
  2644 | D        | Received a gift from Sif Muna
  2645 | D        | Got Sif Muna's Enchiridion on Dislocation {god gift}
  2794 | D        | Noticed a five-headed hydra
  2804 | D        | Killed a five-headed hydra
  2944 | D        | Noticed a great orb of eyes
  2953 | D        | Killed a great orb of eyes
  2954 | D        | Reached skill level 10 in Fire Magic
  3047 | D        | Received a gift from Sif Muna
  3047 | D        | Noticed a boulder beetle
  3048 | D        | Got Jiph's Writings on Red Weather {god gift}
  3052 | D        | Killed a boulder beetle
  3143 | D        | Noticed an anaconda
  3168 | D        | Reached XP level 12. HP: 46/72 MP: 22/39
  3274 | D        | Killed an anaconda
  3377 | D        | Noticed an ogre mage
  3377 | D        | Noticed a two-headed ogre
  3377 | D        | Noticed a two-headed ogre
  3377 | D        | Noticed a two-headed ogre
  3377 | D        | Noticed an orc warlord
  3388 | D        | Killed a two-headed ogre
  3392 | D        | Killed a two-headed ogre
  3392 | D        | Killed a two-headed ogre
  3392 | D        | Received a gift from Sif Muna
  3397 | D        | Killed an ogre mage
  3399 | D        | Reached skill level 15 in Fire Magic
  3407 | D        | Received a gift from Sif Muna
  3408 | D        | Got Sif Muna's Vademecum on Sweltering Injury {god gift}
  3476 | D        | Learned a level 6 spell: Starburst
  3524 | D        | Noticed an orc warlord
  3540 | D        | Killed an orc warlord
  3729 | D        | Noticed a merfolk avatar
  3730 | D        | Noticed a naga warrior
  3732 | D        | Killed a naga warrior
  3733 | D        | Killed a merfolk avatar
  3733 | D        | Received a gift from Sif Muna
  3733 | D        | Killed an orc warlord
  3733 | D        | Killed a vault guard
  3737 | D        | Killed an eidolon
  3738 | D        | Reached XP level 13. HP: 60/76 MP: 14/41
  3741 | D        | Received a gift from Sif Muna
  3746 | D        | Got Quepp's Omnibus of the Energetic Brume {god gift}
  3778 | D        | Noticed a deep elf blademaster
  3782 | D        | Killed a deep elf blademaster
  3813 | D        | Received a gift from Sif Muna
  3816 | D        | Got Izaiwir's Precepts of Geometric Conjuring {god gift}
  4229 | D        | Got the +1 robe of Lufaysch {+Inv rC+ Will-}
  4341 | D        | Got the +5 long sword of Virtue {flame, ^Fragile Will++
                  | Dex+3}
  4460 | D        | Noticed a nagaraja
  4464 | D        | Killed a nagaraja
  4464 | D        | Received a gift from Sif Muna
  4465 | D        | Got Opyhenoo's Precepts of the Wasteland {god gift}
  4474 | D        | Received a gift from Sif Muna
  4488 | D        | Reached skill level 10 in Invocations
  4532 | D        | Received a gift from Sif Muna
  4533 | D        | Got Sif Muna's Arcane Secrets of Spellweaving {god gift}
  4751 | D        | Identified the serpent talisman of Spite {Fly}
  4751 | D        | Noticed Aizul
  4755 | D        | Killed Aizul
  4766 | D        | Identified the +4 chain mail "Nyeviy" {+Inv Str+8 Dex+3}
  4907 | D        | Received a gift from Sif Muna
  4908 | D        | Got Sif Muna's Exposition on Curses and Gusts {god gift}
  4909 | D        | Identified the +7 hand axe "Yrutaicuda" {venom, Int+2
                  | Dex+3}
  5056 | D        | Reached skill level 10 in Fighting
  5145 | D        | Noticed a bone dragon
  5145 | D        | Noticed a deep elf blademaster
  5145 | D        | Noticed a profane servitor
  5145 | D        | Noticed a minotaur
  5148 | D        | Killed a deep elf blademaster
  5148 | D        | Killed a minotaur
  5149 | D        | Reached XP level 14. HP: 88/88 MP: 31/46
  5150 | D        | Killed a profane servitor
  5150 | D        | Received a gift from Sif Muna
  5151 | D        | Reached skill level 27 in Spellcasting
  5160 | D        | Killed a bone dragon
  5168 | D        | Got Sif Muna's Volume of Vapourous Impulse {god gift}
  5178 | D        | Learned a level 8 spell: Lehudib's Crystal Spear
  5350 | D        | Noticed a bone dragon
  5363 | D        | Killed a bone dragon
  5449 | D        | Received a gift from Sif Muna
  5450 | D        | Got Sif Muna's Discourse on Shadowy Embers {god gift}
  5552 | D        | Noticed a deep elf sorcerer
  5553 | D        | Killed a deep elf sorcerer
  5658 | D        | Noticed a lich
  5660 | D        | Killed a lich
  5688 | D        | Noticed a daeva
  5691 | D        | Killed a daeva
  5692 | D        | Reached skill level 27 in Conjurations
  5711 | D        | Killed a lich
  5855 | D        | Received a gift from Sif Muna
  5856 | D        | Got Sif Muna's Exposition on Debased Spells {god gift}
  5857 | D        | Noticed a sphinx
  5859 | D        | Killed a sphinx
  5943 | D        | Reached skill level 10 in Dodging
  5972 | D        | Received a gift from Sif Muna
  5973 | D        | Got Sif Muna's Elucidation of Adjuration and Momentum {god
                  | gift}
  5989 | D        | Learned a level 9 spell: Chain Lightning
  6100 | D        | Noticed a nagaraja
  6101 | D        | Killed a nagaraja
  6121 | D        | Noticed a profane servitor
  6123 | D        | Killed a profane servitor
  6138 | D        | Noticed a nagaraja
  6139 | D        | Killed a nagaraja
  6251 | D        | Reached XP level 15. HP: 100/100 MP: 34/48
  6302 | D        | Got the ring of Jequot {rC+ Str-3 Dex+4 SInv}
  6304 | D        | Got the ring of the Ban {Wiz rC+ SInv}
  6316 | D        | Got the ring of the Republic {rN+ Int+2 Dex+6}
  6318 | D        | Got the ring of Fealleum {rElec rPois rN+}
  6320 | D        | Got the ring "Reeb" {rPois Will+}
  6323 | D        | Got the ring "Pujan" {rF+ AC+6}
  6325 | D        | Got the ring "Gomil" {rPois AC+6}
  6328 | D        | Got the ring of Vul Serr {rPois Int+4}
  6330 | D        | Got the ring "Weufai" {rPois rC+}
  6333 | D        | Got the ring of the Giraffatuar {rElec rF+ rC- Will+ EV+6}
  6335 | D        | Got the ring of Kydov {rElec rN+ Will- Dex+2}
  6349 | D        | Noticed a green draconian monk
  6353 | D        | Killed a green draconian monk
  6372 | D        | Got Lehudib's Tractate on Oromancy
  6377 | D        | Got the Volume of the Congregation
  6382 | D        | Got the Catalogue of Weather
  6413 | D        | Got the ring of Viodoh {rPois rF+ rC+}
  6438 | D        | Got the amulet of Rationality {Harm rElec rF+++ Regen+
                  | Dex-4}
  6512 | D        | Noticed a death cob
  6512 | D        | Noticed Snorg
  6513 | D        | Killed a death cob
  6513 | D        | Received a gift from Sif Muna
  6513 | D        | Killed Snorg
  6514 | D        | Reached skill level 5 in Air Magic
  6514 | D        | Got Sif Muna's Encyclopedia of the Excruciating Wendigo
                  | {god gift}
  6534 | D        | Received a gift from Sif Muna
  6543 | D        | Reached skill level 15 in Fighting
  6553 | D        | Received a gift from Sif Muna
  6554 | D        | Reached skill level 10 in Air Magic
  6554 | D        | Got Ilemiu's Omnibus of Forces {god gift}
  6608 | D        | Noticed a nagaraja
  6609 | D        | Killed a nagaraja
  6641 | D        | Received a gift from Sif Muna
  6646 | D        | Got Sif Muna's Lectures on Ouranomancy {god gift}
  6660 | D        | Noticed a nagaraja
  6661 | D        | Killed a nagaraja
  6712 | D        | Received a gift from Sif Muna
  6730 | D        | Noticed an emperor scorpion
  6740 | D        | Killed an emperor scorpion
  6865 | D        | Reached skill level 15 in Air Magic
  6915 | D        | Received a gift from Sif Muna
  6927 | D        | Received a gift from Sif Muna
  6928 | D        | Got Sif Muna's Handbook of Beguiling {god gift}
  7140 | D        | Noticed Dissolution
  7149 | D        | Killed Dissolution
  7149 | D        | Received a gift from Sif Muna
  7247 | D        | Noticed a fire giant
  7250 | D        | Noticed Boris
  7250 | D        | Noticed a titan
  7258 | D        | Killed a fire giant
  7259 | D        | Killed a titan
  7259 | D        | Killed a black draconian knight
  7259 | D        | Received a gift from Sif Muna
  7262 | D        | Killed Boris
  7338 | D        | Got Sif Muna's Grimoire of Lightning and Refrigeration {god
                  | gift}
  7748 | D        | Noticed Louise
  7748 | D        | Received a gift from Sif Muna
  7748 | D        | Received a gift from Sif Muna
  7749 | D        | Reached XP level 16. HP: 112/112 MP: 48/49
  7749 | D        | Killed Louise
  7749 | D        | Received a gift from Sif Muna
  7751 | D        | Identified the +8 triple sword of Reason {drain, *Noise rF+
                  | Str+4 Dex+3}
  7751 | D        | Received a gift from Sif Muna
  7751 | D        | Received a gift from Sif Muna
  7752 | D        | Received a gift from Sif Muna
  7755 | D        | Received a gift from Sif Muna
  7761 | D        | Received a gift from Sif Muna
  7765 | D        | Got Sif Muna's Spellbook of Allied Detritus {god gift}
  7767 | D        | Got Sif Muna's Exposition on Variable Blows {god gift}
  7767 | D        | Got Sif Muna's Papyrus of the Underground Birds {god gift}
  7809 | D        | Got a silver rune of Zot
  7846 | D        | Got the Verses on the Voyage
  7918 | D        | Learned a level 4 spell: Passage of Golubria
  7930 | D        | Learned a level 9 spell: Shatter
  7935 | D        | Noticed an Executioner
  7939 | D        | Killed an Executioner
  7948 | D        | Noticed an orb of fire
  7951 | D        | Received a gift from Sif Muna
  7956 | D        | Killed an orb of fire
  7967 | D        | Noticed a titan
  7968 | D        | Killed a titan
  8033 | D        | Noticed Mennas
  8036 | D        | Killed Mennas
  8036 | D        | Received a gift from Sif Muna
  8045 | D        | Learned a level 2 spell: Sublimation of Blood
  8070 | D        | Reached skill level 1 in Necromancy
  8082 | D        | Noticed a deep elf blademaster
  8083 | D        | Killed a deep elf blademaster
  8166 | D        | Reached skill level 1 in Long Blades
  8166 | D        | Reached skill level 5 in Necromancy
  8166 | D        | Noticed a bone dragon
  8166 | D        | Noticed a storm dragon
  8167 | D        | Killed a storm dragon
  8167 | D        | Received a gift from Sif Muna
  8171 | D        | Killed a bone dragon
  8270 | D        | Noticed a tentacled monstrosity
  8274 | D        | Killed a tentacled monstrosity
  8274 | D        | Noticed Xtahua
  8274 | D        | Noticed a titan
  8275 | D        | Reached skill level 5 in Long Blades
  8275 | D        | Reached XP level 17. HP: 119/119 MP: 41/50
  8275 | D        | Killed a titan
  8277 | D        | Received a gift from Sif Muna
  8277 | D        | Killed Xtahua
  8278 | D        | Reached skill level 10 in Necromancy
  8279 | D        | Reached skill level 15 in Invocations
  8279 | D        | Noticed a Brimstone Fiend
  8286 | D        | Reached skill level 10 in Long Blades
  8289 | D        | Killed a Brimstone Fiend
  8289 | D        | Received a gift from Sif Muna
  8290 | D        | Reached skill level 15 in Dodging
  8296 | D        | Noticed Mara
  8304 | D        | Killed Mara
  8330 | D        | Noticed an Ice Fiend
  8331 | D        | Killed an Ice Fiend
  8381 | D        | Found the +5 scythe "Finisher" {speed, execute}
  8479 | D        | Got the ring of Jighemp {Fly rPois EV+5 Str-2 Int-4}
  8482 | D        | Got the ring of the Past {^Drain rC+ rN+ Slay+4}
  8485 | D        | Got the ring of the Kissing Priest {rC+ Will+ Dex+6}
  8488 | D        | Got the amulet of Xom's Sleight of Hands {Faith rElec rC+
                  | Will+ Int-3}
  8491 | D        | Got the ring of Pexkuah {rC- Slay+3 SInv Stlth+}
  8494 | D        | Got the ring "Okhaif" {rElec rF+ rN+ Slay+2}
  8496 | D        | Got the ring of Heotuizy {rN+ Will- rCorr Int+5}
  8543 | D        | Noticed a tentacled monstrosity
  8546 | D        | Killed a tentacled monstrosity
  8569 | D        | Noticed an Orb Guardian
  8569 | D        | Noticed an Orb Guardian
  8569 | D        | Noticed an Orb Guardian
  8569 | D        | Noticed an Orb Guardian
  8570 | D        | Killed an Orb Guardian
  8570 | D        | Killed an Orb Guardian
  8570 | D        | Killed an Orb Guardian
  8570 | D        | Killed an Orb Guardian
  8573 | D        | Identified the orb of the Fig {light, Regen+ Int-4 Conj}
  8573 | D        | Noticed Frederick
  8574 | D        | Killed an Orb Guardian
  8575 | D        | Killed Frederick
  8575 | D        | Killed an Orb Guardian
  8586 | D        | Noticed a titan
  8586 | D        | Noticed a lich
  8587 | D        | Killed a titan
  8587 | D        | Killed a lich
  8589 | D        | Noticed an Orb Guardian
  8590 | D        | Killed an Orb Guardian
  8622 | D        | Noticed an Orb Guardian
  8623 | D        | Killed an Orb Guardian
  8623 | D        | Noticed an Orb Guardian
  8623 | D        | Noticed an Orb Guardian
  8629 | D        | Killed an Orb Guardian
  8631 | D        | Killed an Orb Guardian
  8632 | D        | Reached XP level 18. HP: 141/141 MP: 35/51
  8640 | D        | Noticed an ancient lich
  8642 | D        | Noticed Sob Olo the pandemonium lord
  8643 | D        | Killed an ancient lich
  8654 | D        | Killed Sob Olo the pandemonium lord
  8655 | D        | Reached skill level 15 in Necromancy
  8694 | D        | Noticed a Tzitzimitl
  8697 | D        | Killed a Tzitzimitl
  8703 | D        | Noticed a hellephant
  8706 | D        | Killed a hellephant
  8715 | D        | Noticed a pearl dragon
  8717 | D        | Killed a pearl dragon
  8741 | D        | Noticed an electric golem
  8743 | D        | Killed an electric golem
  8748 | D        | Noticed a golden dragon
  8750 | D        | Killed a golden dragon
  8751 | D        | Reached skill level 27 in Fighting
  8754 | D        | Noticed an Orb Guardian
  8759 | D        | Killed an Orb Guardian
  8761 | D        | Noticed an Orb Guardian
  8763 | D        | Killed an Orb Guardian
  8767 | D        | Noticed an Orb Guardian
  8769 | D        | Killed an Orb Guardian
  8791 | D        | Killed Nupponwa the pandemonium lord
  8792 | D        | Reached skill level 5 in Shields
  8793 | D        | Noticed an Orb Guardian
  8793 | D        | Noticed Osib the pandemonium lord
  8793 | D        | Noticed an ancient lich
  8793 | D        | Noticed an Orb Guardian
  8794 | D        | Killed an Orb Guardian
  8794 | D        | Killed an Orb Guardian
  8794 | D        | Noticed an Orb Guardian
  8795 | D        | Killed an Orb Guardian
  8795 | D        | Killed an ancient lich
  8795 | D        | Noticed Jahij the pandemonium lord
  8796 | D        | Reached skill level 10 in Shields
  8796 | D        | Killed Osib the pandemonium lord
  8796 | D        | Noticed Cipahin the pandemonium lord
  8796 | D        | Noticed Jich the pandemonium lord
  8802 | D        | Killed Jahij the pandemonium lord
  8806 | D        | Noticed an ancient lich
  8807 | D        | Killed Cipahin the pandemonium lord
  8807 | D        | Killed an ancient lich
  8807 | D        | Killed an Orb Guardian
  8808 | D        | Noticed a pearl dragon
  8813 | D        | Killed a pearl dragon
  8814 | D        | Noticed an Orb Guardian
  8814 | D        | Noticed Jory
  8815 | D        | Reached skill level 15 in Shields
  8815 | D        | Killed an Orb Guardian
  8815 | D        | Noticed an Orb Guardian
  8816 | D        | Noticed Mnoleg
  8817 | D        | Killed Jich the pandemonium lord
  8817 | D        | Killed Jory
  8817 | D        | Killed an Orb Guardian
  8817 | D        | Noticed a profane servitor
  8819 | D        | Reached XP level 19. HP: 151/151 MP: 19/52
  8819 | D        | Killed a profane servitor
  8823 | D        | Killed Mnoleg
  8831 | D        | Noticed a Brimstone Fiend
  8833 | D        | Killed a Brimstone Fiend
  8833 | D        | Noticed a pearl dragon
  8834 | D        | Killed a pearl dragon
  8835 | D        | Noticed a Brimstone Fiend
  8838 | D        | Killed a Brimstone Fiend
  8842 | D        | Noticed a pearl dragon
  8844 | D        | Killed a pearl dragon
  8845 | D        | Reached skill level 27 in Fire Magic
  8923 | D        | Noticed Ignacio
  8923 | D        | Noticed Xuga Zank the pandemonium lord
  8926 | D        | Killed Xuga Zank the pandemonium lord
  8927 | D        | Killed Ignacio
  8947 | D        | Noticed a golden dragon
  8948 | D        | Killed a golden dragon
  8961 | D        | Killed a pearl dragon
  8965 | D        | Noticed an electric golem
  8966 | D        | Killed an electric golem
  8973 | D        | Noticed Ereshkigal
  8976 | D        | Killed Ereshkigal
  8993 | D        | Noticed a royal mummy
  8994 | D        | Killed a royal mummy
  8994 | D        | Noticed a Tzitzimitl
  8995 | D        | Killed a Tzitzimitl
  9009 | D        | Noticed a royal mummy
  9018 | D        | Killed a royal mummy
  9090 | D        | Noticed a curse toe
  9092 | D        | Killed a curse toe
  9093 | D        | Reached skill level 27 in Earth Magic
  9128 | D        | Noticed an ancient lich
  9128 | D        | Noticed a golden dragon
  9138 | D        | Killed a golden dragon
  9139 | D        | Reached skill level 27 in Air Magic
  9141 | D        | Killed an ancient lich
  9142 | D        | Reached XP level 20. HP: 157/157 MP: 11/53
  9143 | D        | Noticed Geryon
  9147 | D        | Killed Geryon
  9148 | D        | Reached skill level 27 in Invocations
  9156 | D        | Noticed a royal mummy
  9158 | D        | Killed a royal mummy
  9186 | D        | Reached skill level 5 in Armour
  9204 | D        | Got the amulet of the Illusory Queens {Faith Dex+4}
  9220 | D        | Got the ring of Ufimol {^Contam rCorr Str+7 Int+6}
  9224 | D        | Got an iron rune of Zot
  9227 | D        | Got the +11 demon blade of Innocence {flame, rN+ Str+3}
  9245 | D        | Got the ring "Zibuocia" {Ice rElec rPois rN+}
  9247 | D        | Got the ring "Yrufyeps" {Will+ MP+9 Int+2 Slay+4}
  9310 | D        | Noticed an orb of fire
  9310 | D        | Noticed Nikola
  9313 | D        | Killed Nikola
  9316 | D        | Killed an orb of fire
  9383 | D        | Noticed Margery
  9385 | D        | Killed Margery
  9462 | D        | Reached skill level 10 in Armour
  9536 | D        | Reached skill level 27 in Necromancy
  9541 | D        | Killed a pearl dragon
  9548 | D        | Reached skill level 15 in Armour
  9563 | D        | Identified the +6 war axe of Doefy {freeze, Will+}
  9564 | D        | Identified the +4 tower shield of Acierada {rC+ Will+ Str+3
                  | Stlth+}
  9565 | D        | Reached XP level 21. HP: 91/163 MP: 47/54
  9621 | D        | Got a golden rune of Zot
  9741 | D        | Noticed a royal mummy
  9743 | D        | Killed a royal mummy
  9744 | D        | Reached skill level 27 in Shields
  9752 | D        | Found the +6 sword of Cerebov {flame}
  9752 | D        | Noticed Cerebov
  9764 | D        | Killed Cerebov
  9898 | D        | Got the Orb of Zot
  9962 | D        | Noticed Ciheaw the pandemonium lord
  9966 | D        | Killed Ciheaw the pandemonium lord
  9996 | D        | Escaped with the Orb!

Illustrated notes

Levels and vault maps discovered:
D:        pitsprint [storerooms_1, entrance_room_1, metal_vault_4, armoury_2,
          mini_pit_1, grid_room_1, main_hall_1, silver_pit, the_coven_1,
          the_vestibule_1, steel_vault_3, golden_pit, hallway_of_sentries,
          crystal_vault_1, iron_vault_3, final_vault]

Skill      XL: |  1  2  3  4  5  6  7  8  9 10 11 12 13 14 15 16 17 18 19 20 21 |
---------------+----------------------------------------------------------------+-----
Spellcasting   | 4 7 9 11 12 13 15 16 18 21 22 26 27 | 27.0
Conjurations   | 5 8 10 12 14 15 17 18 21 22 23 27 | 27.0
Translocations | 3 |  3.0
Alchemy        | 3 |  3.0
Fighting       | 2 4 7 10 13 17 18 25 27 | 27.0
Dodging        | 4 7 10 12 15 20 23 | 23.7
Invocations    | 2 6 7 10 12 14 15 18 26 27 | 27.0
Fire Magic     | 2 11 20 22 27 | 27.0
Air Magic      | 22 27 | 27.0
Earth Magic    | 22 27 | 27.0
Necromancy     | 9 11 22 27 | 27.0
Long Blades    | 5 16 | 16.0
Shields        | 15 24 27 | 27.0
Armour         | 15 17 | 17.8
Stealth        | |  2.4

Action                     |  1- 3 |  4- 6 |  7- 9 | 10-12 | 13-15 | 16-18 | 19-21 || total
---------------------------+-------+-------+-------+-------+-------+-------+-------++-------
  Melee: Unarmed           |     1 |       |       |       |       |       |       ||     1
   Cast: Magic Dart        |     7 |     1 |     6 |    43 |       |       |       ||    57
         Searing Ray       |     8 |     3 |     3 |       |       |       |       ||    14
         Fulminant Prism   |       |     6 |    12 |    29 |     1 |       |       ||    48
         Iskenderun's Myst |       |       |     2 |    10 |     7 |     4 |     1 ||    24
         Iskenderun's Batt |       |       |     5 |    10 |     2 |       |       ||    17
         Stone Arrow       |       |       |     1 |     6 |       |       |       ||     7
         Fireball          |       |       |       |    32 |    15 |       |       ||    47
         Orb of Destructio |       |       |       |     6 |    17 |       |       ||    23
         Fire Storm        |       |       |       |     2 |    88 |    93 |    76 ||   259
         Freezing Cloud    |       |       |       |     1 |       |       |       ||     1
         Sublimation of Bl |       |       |       |       |       |    27 |    31 ||    58
         Chain Lightning   |       |       |       |       |       |     9 |    19 ||    28
         Passage of Golubr |       |       |       |       |       |     1 |       ||     1
         Shatter           |       |       |       |       |       |     1 |    20 ||    21
         Lehudib's Crystal |       |       |       |       |       |       |    15 ||    15
 Invoke: Channel Magic     |       |       |       |     3 |     8 |    14 |    17 ||    42
    Use: Potion            |     3 |     1 |       |     1 |     1 |     5 |     9 ||    20
         Scroll            |       |     1 |       |       |     3 |    10 |       ||    14
 Armour: Robe              |     8 |     3 |     5 |    14 |    23 |    10 |    28 ||    91
  Dodge: Dodged            |     4 |     9 |     6 |     9 |     8 |     4 |     3 ||    43
  Block: Buckler           |       |       |       |       |       |       |     1 ||     1
